 Dungeon Crawl Stone Soup version 0.29-a0-887-gcbe080d7e0 (webtiles) character file.

Game seed: 13577069930092645149

436 snetch the Magician (level 7, 0/47 HPs)
             Began as a Djinni Fire Elementalist on July 21, 2022.
             Was a Believer of Makhleb.
             Slain by a hound (1 damage)
             ... on level 5 of the Dungeon.
             The game lasted 00:18:19 (5512 turns).

snetch the Magician (Djinni Fire Elementalist)      Turns: 5512, Time: 00:18:20

Health: 0/47       AC:  6    Str:  7    XL:     7   Next: 21%
Gold:   167        EV: 13    Int: 18    God:    Makhleb [**....] SH:  0 Dex: 14

rFire   + + .      SeeInvis .   b - +1 quarterstaff (vorpal)
rCold   . . .      Faith    +   (shield currently unavailable)
rNeg    . . .      Spirit   .   p - +2 robe {rC+}
rPois   ∞          Reflect  .   g - +0 helmet
rElec   .          Harm     .   (no cloak)
rCorr   .          Rampage  .   A - +0 pair of gloves
Will    .....                   (boots unavailable)
Stlth   +.........              w - amulet of faith
HPRegen 0.15/turn               (no ring)
MPRegen 0.00/turn               (no ring)

@: confused, mighty, brilliant, flying
A: sickness immunity, fire resistance 2, cold vulnerability 1, float, innate
caster, HP casting, extra vitality 1
a: Renounce Religion, Minor Destruction


You were on level 5 of the Dungeon.
You worshipped Makhleb.
Makhleb was pleased with you.
You visited 2 branches of the dungeon, and saw 6 of its levels.
You also visited: Sewer.

You collected 167 gold pieces.

Inventory:

Hand Weapons
 a - a +0 dagger of draining
 b - a +1 vorpal quarterstaff (weapon)
Missiles
 f - 24 stones
 j - 3 boomerangs
Armour
 g - a +0 helmet (worn)
 p - a +2 robe of cold resistance (worn)
 A - a +0 pair of gloves (worn)
Jewellery
 w - an amulet of faith (around neck)
Scrolls
 i - 2 scrolls of vulnerability {unknown}
 l - 6 scrolls of identify {unknown}
 m - a scroll of enchant armour {unknown}
 n - 3 scrolls of magic mapping {unknown}
 o - a scroll of poison {unknown}
 r - 2 scrolls of blinking {unknown}
 y - a scroll of enchant weapon {unknown}
Potions
 c - 2 potions of flight {unknown}
 d - 5 potions of heal wounds {unknown}
 e - 2 potions of magic {unknown}
 h - a potion of resistance {unknown}
 k - 2 potions of might
 q - a potion of mutation {unknown}
 u - 2 potions of ambrosia {unknown}
 v - 3 potions of brilliance
 x - 2 potions of curing {unknown}
 z - a potion of attraction {unknown}
 C - 2 potions of degeneration {unknown}


   Skills:
 + Level 1.2 Fighting
 + Level 0.5 Staves
 + Level 3.0 Dodging
 + Level 3.0 Stealth
 + Level 5.0 Spellcasting


You couldn't memorise any spells.
You knew the following spells:

 Your Spells              Type           Power      Damage    Failure   Level
a - Foxfire               Conj/Fire      100%       2x1d9     1%          1
b - Scorch                Fire           66%        2d8       2%          2
c - Conjure Flame         Conj/Fire      33%        6-21      4%          3
d - Inner Flame           Hex/Fire       33%        N/A       4%          3
e - Flame Wave            Conj/Fire      33%        2d8       17%         4
f - Apportation           Tloc           66%        N/A       1%          1
g - Passwall              Tmut/Erth      27%        N/A       2%          2
h - Swiftness             Air            33%        N/A       4%          3
Your spell library was empty.

Dungeon Overview and Level Annotations

Branches:
Dungeon (5/15)             Temple (1/1) D:4           Sewer (visited)

Altars:
Ashenzari
Cheibriados
Dithmenos
Elyvilon
Gozag
Hepliaklqana
Makhleb
Nemelex Xobeh
Qazlal
Ru
Trog
Uskayaw
Wu Jian
Xom
Yredelemnul
Zin
The Shining One


Innate Abilities, Weirdness & Mutations

You are immune to sickness and miasma.
You are immune to poison.
Your flesh is very heat resistant. (rF++)
You are vulnerable to cold. (rC-)
You float through the air rather than walking.
You learn spells naturally, not from books.
Your magical power is your life essence.
You have superior vitality. (+4 MHP)


Message History

The hound's fire resistance burns away.
The adder closely misses you.
The orc wizard hits you but does no damage.
The orc priest completely misses you. The adder closely misses you.
The adder barely misses you.
Unknown command.
The adder attacks as you move away! The adder bites you but does no damage.
The orc is no longer more vulnerable to fire.
Casting: Scorch (safe; 2% risk of failure)
Confirm with . or Enter, or press ? or * to list all spells.
Flames lash the hound.
The hound is burned terribly!
The hound is severely wounded.
The orc wizard points at you and mumbles some strange words.
The magic dart hits you!
You hit the orc wizard.
The orc wizard is moderately wounded.
The orc wizard casts a spell at you.
You are confused.
Unknown command.
You're too confused to cast spells.
Unknown command.
You're too confused to cast spells.
You bump into the rock wall.
The orc wizard points at you and mumbles some strange words.
You are more confused.
The orc priest mumbles some strange prayers to Beogh against you.
Beogh smites you!
* * * LOW HITPOINT WARNING * * *
You are too injured to fight recklessly!
It was a potion of brilliance.
You feel clever all of a sudden.
It was a potion of might.
You feel very mighty all of a sudden.
The orc wizard hits you with a +0 dagger of venom.
* * * LOW HITPOINT WARNING * * *
The orc priest barely misses you.
You bump into the rock wall.
The hound is no longer more vulnerable to fire.
The hound bites you but does no damage. The orc priest misses you.
The orc wizard misses you. The hound bites you.
You die...

#.# #.#####
#.#####'#### #.#
#....#.....#####.#
#....#.....#.....#
#..).#.....#####.#
#....#.....# #.#
#....#.....# #.#
#....#h....# #.#
#...o@#.#### #.#
#####o#.# #.#
...####S#.# #.#
......o{..# #.#
..........# #.#
..........#
#.#####
..........#
#.....#
..........#
#####.#
...).....>. #.#


You could see a hound, an orc priest, an orc wizard, an adder and an orc.

Vanquished Creatures
  An ice beast (D:3)
  A hound (D:4)
  Jessica (D:2)
  Terence (D:2)
  Robin (D:3)
  14 adders
  A river rat (D:4)
  2 worms
  A dart slug (D:1)
  An orc (D:3)
  2 bats
  5 endoplasms
  7 giant cockroaches
  16 goblins
  9 hobgoblins
  4 jackals (D:2)
  5 kobolds
  8 quokkas
  16 ball pythons
  11 frilled lizards
  8 rats
115 creatures vanquished.

Vanquished Creatures (collateral kills)
  5 foxfires
5 creatures vanquished.

Vanquished Creatures (others)
  236 foxfires
  45 plants
281 creatures vanquished.

Grand Total: 401 creatures vanquished

Notes
Turn   | Place    | Note
-------+----------+-------------------------------------------
     0 | D:1      | snetch the Djinni Fire Elementalist began the quest for the
                  | Orb.
     0 | D:1      | snetch set off with the following spells memorised:
                  | Foxfire, Scorch, Conjure Flame, Inner Flame, Flame Wave.
     0 | D:1      | Reached XP level 1. HP: 15/15 MP: 0/0
   137 | D:2      | Reached XP level 2. HP: 13/21 MP: 0/0
   374 | D:1      | Reached skill level 3 in Spellcasting
   485 | D:2      | Reached XP level 3. HP: 21/25 MP: 0/0
   485 | D:2      | Learned a level 1 spell: Apportation
  1087 | D:2      | Noticed Jessica
  1095 | D:2      | Killed Jessica
  1096 | D:2      | Reached XP level 4. HP: 12/31 MP: 0/0
  1797 | D:2      | Reached XP level 5. HP: 26/35 MP: 0/0
  1797 | D:2      | Learned a level 2 spell: Passwall
  2259 | D:4      | Found a staircase to the Ecumenical Temple.
  2292 | Temple   | Entered the Ecumenical Temple
  2300 | Temple   | Became a worshipper of Makhleb the Destroyer
  2472 | D:4      | Found a glowing drain.
  2477 | Sewer    | Entered a sewer
  2670 | Sewer    | Reached skill level 4 in Spellcasting
  2903 | Sewer    | Reached XP level 6. HP: 39/41 MP: 0/0
  2944 | Sewer    | Reached * piety under Makhleb
  3123 | D:3      | Found a shadowy altar of Dithmenos.
  3465 | D:3      | Noticed an ice beast
  3471 | D:3      | Killed an ice beast
  3472 | D:3      | Reached skill level 1 in Fighting
  3476 | D:3      | Noticed Terence
  3478 | D:3      | Noticed Robin
  3504 | D:2      | Killed Terence
  3769 | D:3      | Killed Robin
  3770 | D:3      | Reached XP level 7. HP: 36/47 MP: 0/0
  3770 | D:3      | Learned a level 3 spell: Swiftness
  4422 | D:5      | Entered Level 5 of the Dungeon
  4634 | D:4      | Reached ** piety under Makhleb
  5335 | D:5      | Reached skill level 5 in Spellcasting
  5509 | D:5      | HP: 2/47 [orc priest/divine providence (15)]
  5512 | D:5      | Slain by a hound

Illustrated notes

Levels and vault maps discovered:
D:1:      roderic_crop_circles_arrival_small, layout_rooms, hex_large
D:2:      minmay_evil_eye, layout_rooms, amcnicky_mini_rare_corridor_liquid,
          chequers_arboretum, serial_bayou_pond_b, kennysheep_jessica_study
D:3:      layout_rooms, nicolae_dithmenos_the_darkroom, uniq_terence, uniq_robin
D:4:      layout_layer_cave, minmay_temple_entry_junction,
          gup_sewer_entry_spiral
D:5:      layout_basic
Temple:   eino_narrow_crystal_temple

Skill      XL: |  1  2  3  4  5  6  7 |
---------------+----------------------+-----
Spellcasting   | 3 4 5 |  5.0
Stealth        | 2 3 |  3.0
Fighting       | 1 |  1.2
Dodging        | 3 |  3.0
Staves         | |  0.5

Action                   |  1- 3 |  4- 6 |  7- 9 || total
-------------------------+-------+-------+-------++-------
Melee: Unarmed           |     9 |       |       ||     9
       Dagger            |    51 |    17 |       ||    68
       Quarterstaff      |       |    32 |     4 ||    36
 Cast: Foxfire           |    46 |    77 |    17 ||   140
       Scorch            |       |    21 |     8 ||    29
       Passwall          |       |     5 |       ||     5
  Use: Potion            |       |       |     2 ||     2
 Stab: Sleeping          |       |     3 |       ||     3
Armor: Robe              |     3 |    23 |     4 ||    30
Dodge: Dodged            |     8 |    42 |    11 ||    61

Table legend: (Time is in decaauts)
 A = Elapsed time spent in this place.
 B = Non-inter-level travel time spent in this place.
 C = Inter-level travel time spent in this place.
 D = Time resting spent in this place.
 E = Time spent auto-exploring this place.
 F = Levels seen in this place.
 G = Mean time per level.
                   A        B        C        D        E       F      G
               +--------+--------+--------+--------+--------+-----+--------+
         Total |   5524 |   5140 |    384 |    134 |   3416 |   7 |  789.1 |
       Dungeon |   4791 |   4420 |    371 |    134 |   2936 |   5 |  958.2 |
        Temple |    195 |    182 |     13 |      0 |    155 |   1 |  195.0 |
         Sewer |    537 |    537 |      0 |      0 |    325 |   1 |  537.0 |
               +--------+--------+--------+--------+--------+-----+--------+

Top non-repeatable levels by time:
     D:2: 1541 daAuts
     D:4: 1468 daAuts
     D:3: 847 daAuts
     D:1: 797 daAuts
   Sewer: 537 daAuts
  Temple: 195 daAuts
     D:5: 136 daAuts
